 Seeded DCSS version 0.30.1-4-g462c640d31 (webtiles) character file.

Game seed: 15660985446129201502 (custom seed)

23 AccursedSamuel the Slasher (level 3, 17/23 HPs)
             Began as a Tengu Monk on Sept 12, 2023.
             Quit the game on level 1 of the Dungeon.
             The game lasted 00:01:23 (436 turns).

AccursedSamuel the Slasher (Tengu Monk)              Turns: 436, Time: 00:01:24

Health: 17/23      AC:  2    Str: 13    XL:     3   Next: 0%
Magic:  4/4        EV: 13    Int: 10    God:
Gold:   149        SH:  0    Dex: 16    Spells: 2/2 levels left

rFire   . . .        a - +0 falchion
rCold   . . .        d - orb {light}
rNeg    . . .        b - +0 robe
rPois   .            (helmet restricted)
rElec   .            (no cloak)
rCorr   .            (no gloves)
SInv    .            (boots unavailable)
Will    .....        (no amulet)
Stlth   +            (no ring)
HPRegen 0.23/turn    (no ring)
MPRegen 0.09/turn

%: no passive effects
@: glowing
A: beak, talons 3
a: no special abilities


You were on level 1 of the Dungeon.
You visited 1 branch of the dungeon, and saw 1 of its levels.

You collected 149 gold pieces.

Inventory:

Hand Weapons
 a - a +0 falchion (weapon)
Armour
 b - a +0 robe (worn)
 d - an orb of light (worn)
Scrolls
 f - a scroll of acquirement
 g - a scroll of teleportation {unknown}
Potions
 c - a potion of ambrosia
 e - a potion of curing {unknown}


   Skills:
 + Level 3.4 Fighting
 + Level 3.7 Long Blades
 + Level 3.6 Dodging


You had 2 spell levels left.
You didn't know any spells.
Your spell library was empty.

Dungeon Overview and Level Annotations

Branches:
Dungeon (1/15)

Altars:


Innate Abilities, Weirdness & Mutations

You have a beak for a mouth.
You have claws for feet.


Message History

You kill the quokka!
You hit the frilled lizard.
You kill the frilled lizard!
Items here: [ †††.
Found a stone staircase leading down.
There is a stone staircase leading down here.
You now have 78 gold pieces (gained 11).
You now have 89 gold pieces (gained 11).
You now have 99 gold pieces (gained 10).
You now have 116 gold pieces (gained 17).
You now have 121 gold pieces (gained 5).
You now have 132 gold pieces (gained 11).
You now have 134 gold pieces (gained 2).
You now have 141 gold pieces (gained 7).
You now have 149 gold pieces (gained 8).
A ball python comes into view.
The ball python hisses angrily.
A ball python is nearby!
A ball python is nearby!
The ball python completely misses you. The ball python closely misses you.
The ball python bites you but does no damage.
The ball python misses you.
You hit the ball python.
You claw the ball python, but do no damage.
The ball python is heavily wounded.
The ball python barely misses you. The ball python grabs you.
The ball python constricts you.
You barely miss the ball python.
The ball python is heavily wounded.
The ball python bites you. The ball python constricts you.
The ball python bites you. The ball python constricts you.
You hit the ball python.
You kill the ball python!
You have reached level 3!
Your experience leads to an increase in your attributes!
Increase (S)trength, (I)ntelligence, or (D)exterity?
You feel stronger. x2
This is a scroll of acquirement!
Unknown command.
Are you sure you want to abandon this character and quit the game? (Confirm with "yes".)

.###..#####..###
#..##
......[........
#...#
.###..####.#.#.
#########.#.#
####........#
........†.#.#
PPP##.####.##
####..........#
...##.# #.## #^#
#.######.#.##
..P##.# ##.##
##.# #.###..
..P##.#
##.###.#####.#
##.#.## P.P...#
#.....@†....#
##..# #...###
#......######
##.# #####
#.......# #.#
#.......# #.#
#.....#.# #.#
#######... ..#
#### ###


There were no monsters in sight!

Vanquished Creatures
  A ball python (D:1)
  2 bats (D:1)
  An endoplasm (D:1)
  3 goblins (D:1)
  3 hobgoblins (D:1)
  3 kobolds (D:1)
  2 quokkas (D:1)
  3 frilled lizards (D:1)
  4 rats (D:1)
22 creatures vanquished.

Notes
Turn   | Place    | Note
-------+----------+-------------------------------------------
     0 | D:1      | AccursedSamuel the Tengu Monk began the quest for the Orb.
     0 | D:1      | Reached XP level 1. HP: 14/14 MP: 2/2
   132 | D:1      | Reached XP level 2. HP: 19/19 MP: 3/3
   436 | D:1      | Reached XP level 3. HP: 17/23 MP: 4/4
   436 | D:1      | Identified a scroll of acquirement
   436 | D:1      | Quit the game

Illustrated notes

Levels and vault maps discovered:
D:1:      minmay_arrival_pointy, layout_loops_ring, minmay_gold_behind_fungi

Action                     || total
---------------------------++-------
  Melee: Falchion          ||    42
         Kick              ||     8
         Peck              ||     4
 Armour: Robe              ||    10
  Dodge: Dodged            ||    46
